[ AOE2 MATCH · #484467842 ]
UnrankedMongols vs Vietnamese
[ REPLAY ANALYSIS · EXTRACTED FROM THE RECORDED GAME ]
Feudal
13:07
Castle
20:17
Imperial
46:35
| APM avg | 27.8 |
| APM peak | 86 |
| eAPM avg | 15.6 |
| Villagers / military | 127 / 444 |
Focus
⚔️ 52.8% · 🌾 47.2%
Mangudai ×201 · Scout Cavalry ×197 · Trebuchet (Packed) ×24 · Knight ×9 · Battering Ram ×7 · Fishing Ship ×4
Feudal
15:09
Castle
22:12
Imperial
39:56
| APM avg | 27.9 |
| APM peak | 72 |
| eAPM avg | 22.3 |
| Villagers / military | 301 / 893 |
Focus
⚔️ 55.3% · 🌾 44.7%
Skirmisher ×351 · Fire Lancer ×240 · Spearman ×107 · Scout Cavalry ×54 · Unknown (2626) ×48 · Bombard Cannon ×38
Feudal
14:33
Castle
25:37
Imperial
53:36
| APM avg | 34.7 |
| APM peak | 65 |
| eAPM avg | 23.2 |
| Villagers / military | 341 / 1104 |
Focus
⚔️ 50.8% · 🌾 49.2%
Militia ×482 · Karambit Warrior ×186 · Skirmisher ×151 · Spearman ×109 · Galley ×75 · Fishing Ship ×31
Feudal
17:11
Castle
34:58
Imperial
60:20
| APM avg | 19.3 |
| APM peak | 65 |
| eAPM avg | 14.3 |
| Villagers / military | 169 / 1096 |
Focus
⚔️ 73.1% · 🌾 26.9%
Scout Cavalry ×526 · Skirmisher ×515 · Bombard Cannon ×31 · Spearman ×14 · Battering Ram ×10
Match map
Initial resources + every placement click. Lines = walls · curves = elevation contours. ◆ gold · ⬟ stone · ● berries · ✦ relic · ◌ wall gap
Your base· Open — 7t gap
Miq's base· Open — 5t gap
Canek's base· Open — 15t gap
meier961's base· Open — 15t gap
Smoothed initial terrain · ◌ = detected wall gap · hover for details
Inputs per minute
— dteeuwsen17 - - Miq
Build order — dteeuwsen17
First 150 of 746 actions detected
| 1:05 | Build | Town Center |
| 2:05 | Build | House |
| 2:19 | Build | Dock |
| 3:07 | Create | Villager (Male) |
| 3:08 | Create | Villager (Male) |
| 3:08 | Create | Villager (Male) |
| 3:09 | Create | Villager (Male) |
| 4:25 | Create | Villager (Male) |
| 4:35 | Create | Fishing Ship |
| 5:05 | Research | Loom |
| 5:35 | Create | Villager (Male) |
| 5:41 | Create | Fishing Ship |
| 5:46 | Build | House |
| 5:57 | Build | House |
| 6:37 | Create | Villager (Male) |
| 6:42 | Create | Fishing Ship |
| 7:14 | Create | Villager (Male) |
| 7:49 | Create | Villager (Male) |
| 7:51 | Create | Fishing Ship |
| 8:14 | Create | Villager (Male) |
| 8:34 | Create | Villager (Male) |
| 9:02 | Create | Villager (Male) |
| 9:18 | Create | Villager (Male) |
| 9:23 | Build | House |
| 9:52 | Create | Villager (Male) |
| 10:20 | Build | Mining Camp |
| 10:31 | Build | Mill |
| 10:32 | Create | Villager (Male) |
| 10:50 | Research | Feudal Age |
| 12:51 | Build | House |
| 13:06 | Create | Villager (Male) |
| 13:07 | Age | Feudal Age |
| 13:10 | Create | Villager (Male) |
| 13:31 | Build | House |
| 13:52 | Build | Blacksmith |
| 13:56 | Create | Villager (Male) |
| 13:57 | Create | Villager (Male) |
| 14:13 | Build | House |
| 14:38 | Create | Villager (Male) |
| 15:04 | Create | Villager (Male) |
| 15:10 | Build | House |
| 15:18 | Build | Barracks |
| 15:35 | Create | Villager (Male) |
| 15:36 | Create | Villager (Male) |
| 16:24 | Create | Villager (Male) |
| 16:49 | Build | Stable |
| 17:07 | Create | Villager (Male) |
| 17:08 | Create | Villager (Male) |
| 17:35 | Research | Castle Age |
| 17:48 | Build | Mining Camp |
| 17:56 | Create | Scout Cavalry |
| 19:07 | Research | Tech 906 |
| 19:11 | Build | Fish Trap |
| 20:17 | Age | Castle Age |
| 20:20 | Build | Mining Camp |
| 20:23 | Create | Villager (Male) |
| 20:25 | Create | Villager (Male) |
| 20:30 | Create | Knight |
| 20:46 | Build | Town Center |
| 20:57 | Create | Knight |
| 20:59 | Create | Villager (Male) |
| 21:06 | Create | Knight |
| 21:49 | Build | Farm |
| 21:50 | Build | Farm |
| 21:53 | Create | Villager (Male) |
| 22:00 | Create | Villager (Male) |
| 22:05 | Create | Villager (Male) |
| 22:40 | Create | Knight |
| 22:52 | Create | Villager (Male) |
| 23:31 | Create | Knight |
| 23:47 | Build | Monastery |
| 23:50 | Create | Villager (Male) |
| 23:53 | Build | Farm |
| 23:58 | Build | Farm |
| 24:02 | Create | Villager (Male) |
| 24:13 | Create | Monk |
| 24:15 | Create | Monk |
| 24:55 | Build | Castle |
| 25:03 | Create | Knight |
| 25:36 | Create | Knight |
| 26:05 | Create | Mangudai |
| 26:05 | Create | Mangudai |
| 26:14 | Create | Villager (Male) |
| 26:16 | Create | Villager (Male) |
| 26:26 | Build | Town Center |
| 26:36 | Create | Mangudai |
| 26:37 | Create | Mangudai |
| 26:42 | Create | Knight |
| 26:52 | Research | Fletching |
| 27:02 | Build | Lumber Camp |
| 27:37 | Create | Villager (Male) |
| 27:39 | Create | Villager (Male) |
| 27:59 | Create | Knight |
| 28:32 | Create | Villager (Male) |
| 28:35 | Create | Villager (Male) |
| 30:31 | Build | Castle |
| 30:43 | Create | Villager (Male) |
| 30:46 | Create | Villager (Male) |
| 30:47 | Create | Villager (Male) |
| 30:49 | Create | Villager (Male) |
| 31:17 | Create | Villager (Male) |
| 31:17 | Create | Villager (Male) |
| 31:18 | Create | Villager (Male) |
| 31:20 | Create | Villager (Male) |
| 31:35 | Build | Mining Camp |
| 31:36 | Create | Mangudai |
| 31:37 | Create | Mangudai |
| 31:39 | Create | Mangudai |
| 31:44 | Create | Mangudai |
| 31:44 | Create | Mangudai |
| 31:44 | Create | Mangudai |
| 31:48 | Create | Villager (Male) |
| 32:07 | Create | Villager (Male) |
| 32:08 | Create | Villager (Male) |
| 32:34 | Create | Mangudai |
| 32:35 | Create | Mangudai |
| 32:39 | Create | Mangudai |
| 32:39 | Create | Mangudai |
| 32:45 | Build | Farm |
| 32:46 | Build | Farm |
| 32:51 | Build | Fish Trap |
| 32:55 | Create | Villager (Male) |
| 33:18 | Build | Farm |
| 33:20 | Create | Villager (Male) |
| 33:24 | Create | Villager (Male) |
| 33:28 | Create | Villager (Male) |
| 33:40 | Create | Mangudai |
| 33:42 | Create | Mangudai |
| 33:44 | Create | Mangudai |
| 33:44 | Create | Mangudai |
| 35:04 | Create | Villager (Male) |
| 35:04 | Create | Villager (Male) |
| 35:09 | Research | Husbandry |
| 35:11 | Create | Mangudai |
| 35:12 | Create | Mangudai |
| 35:12 | Create | Mangudai |
| 35:13 | Create | Mangudai |
| 35:14 | Create | Mangudai |
| 35:14 | Create | Mangudai |
| 35:14 | Create | Mangudai |
| 35:15 | Create | Mangudai |
| 35:45 | Build | Castle |
| 36:13 | Create | Villager (Male) |
| 36:17 | Research | Town Watch |
| 36:18 | Research | Wheelbarrow |
| 37:43 | Build | Siege Workshop |
| 37:48 | Create | Villager (Male) |
| 37:49 | Create | Villager (Male) |
| 37:55 | Create | Villager (Male) |
| 37:56 | Create | Villager (Male) |
Build order — Miq
First 150 of 1641 actions detected
| 0:28 | Build | Town Center |
| 1:00 | Build | House |
| 1:01 | Build | House |
| 1:09 | Build | Dock |
| 2:51 | Create | Villager (Male) |
| 2:51 | Create | Villager (Male) |
| 2:51 | Create | Villager (Male) |
| 2:51 | Create | Villager (Male) |
| 2:52 | Create | Villager (Male) |
| 4:05 | Create | Villager (Male) |
| 4:05 | Create | Villager (Male) |
| 4:19 | Create | Villager (Male) |
| 4:19 | Create | Villager (Male) |
| 5:05 | Create | Villager (Male) |
| 5:06 | Create | Villager (Male) |
| 5:59 | Create | Villager (Male) |
| 5:59 | Create | Villager (Male) |
| 6:19 | Build | House |
| 6:28 | Create | Fishing Ship |
| 6:28 | Create | Fishing Ship |
| 6:41 | Create | Villager (Male) |
| 6:50 | Build | House |
| 6:52 | Build | House |
| 7:29 | Create | Fishing Ship |
| 7:47 | Create | Villager (Male) |
| 7:48 | Create | Villager (Male) |
| 7:51 | Create | Villager (Male) |
| 7:51 | Create | Villager (Male) |
| 8:16 | Create | Fishing Ship |
| 8:20 | Create | Villager (Male) |
| 8:20 | Create | Villager (Male) |
| 8:59 | Build | Mill |
| 9:02 | Create | Villager (Male) |
| 9:26 | Create | Villager (Male) |
| 9:56 | Build | Dock |
| 10:01 | Build | House |
| 10:22 | Create | Villager (Male) |
| 10:22 | Create | Villager (Male) |
| 10:48 | Create | Fishing Ship |
| 10:48 | Create | Fishing Ship |
| 10:54 | Build | House |
| 11:11 | Research | Loom |
| 11:44 | Create | Villager (Male) |
| 11:44 | Create | Villager (Male) |
| 11:58 | Build | Lumber Camp |
| 12:04 | Create | Fishing Ship |
| 12:34 | Create | Villager (Male) |
| 12:46 | Build | House |
| 12:51 | Research | Feudal Age |
| 13:03 | Create | Villager (Male) |
| 13:03 | Create | Villager (Male) |
| 13:09 | Build | House |
| 13:12 | Build | House |
| 15:00 | Create | Villager (Male) |
| 15:00 | Create | Villager (Male) |
| 15:09 | Age | Feudal Age |
| 15:11 | Research | Double-Bit Axe |
| 15:21 | Build | Watch Tower |
| 15:25 | Build | Palisade Wall |
| 15:25 | Build | Palisade Wall |
| 15:26 | Build | Palisade Wall |
| 15:27 | Build | Palisade Wall |
| 15:38 | Build | Blacksmith |
| 15:41 | Research | Tech 906 |
| 15:44 | Research | Wheelbarrow |
| 15:52 | Build | Mining Camp |
| 16:44 | Build | Dock |
| 16:46 | Build | Dock |
| 16:52 | Research | Fletching |
| 16:53 | Create | Villager (Male) |
| 17:02 | Build | Barracks |
| 17:10 | Create | Villager (Male) |
| 17:10 | Create | Villager (Male) |
| 17:33 | Create | Villager (Male) |
| 18:06 | Build | Market |
| 18:25 | Build | Mining Camp |
| 18:37 | Create | Villager (Male) |
| 18:37 | Create | Villager (Male) |
| 18:53 | Research | Town Watch |
| 19:07 | Build | Stable |
| 19:09 | Build | House |
| 19:10 | Build | House |
| 19:15 | Research | Castle Age |
| 19:30 | Create | Unit 2626 |
| 19:31 | Create | Unit 2626 |
| 19:31 | Create | Unit 2626 |
| 20:05 | Build | Dock |
| 20:23 | Research | Gold Mining |
| 20:26 | Create | Scout Cavalry |
| 20:32 | Research | Scale Mail Armor |
| 20:33 | Research | Forging |
| 20:56 | Create | Galley |
| 20:56 | Create | Galley |
| 21:16 | Create | Galley |
| 21:35 | Create | Unit 2626 |
| 21:35 | Create | Unit 2626 |
| 21:37 | Create | Galley |
| 21:43 | Create | Spearman |
| 21:43 | Create | Spearman |
| 21:43 | Create | Spearman |
| 21:43 | Create | Spearman |
| 21:44 | Create | Spearman |
| 21:44 | Create | Spearman |
| 22:03 | Create | Fire Galley |
| 22:12 | Age | Castle Age |
| 22:13 | Create | Unit 2626 |
| 22:14 | Research | War Galley (upgrade) |
| 22:51 | Build | Town Center |
| 23:19 | Create | Unit 2626 |
| 23:25 | Create | Spearman |
| 23:26 | Create | Fire Lancer |
| 23:26 | Create | Fire Lancer |
| 23:34 | Research | Squires |
| 24:19 | Research | Town Watch |
| 24:26 | Create | Villager (Male) |
| 24:26 | Create | Villager (Male) |
| 24:26 | Create | Villager (Male) |
| 24:32 | Build | University |
| 24:50 | Build | Town Center |
| 25:23 | Create | Villager (Male) |
| 25:23 | Create | Villager (Male) |
| 25:23 | Create | Villager (Male) |
| 25:24 | Create | Villager (Male) |
| 25:24 | Create | Villager (Male) |
| 25:59 | Research | Careening |
| 26:20 | Create | Villager (Male) |
| 26:21 | Create | Villager (Male) |
| 26:21 | Create | Villager (Male) |
| 26:21 | Create | Villager (Male) |
| 26:30 | Create | Fishing Ship |
| 26:30 | Create | Fishing Ship |
| 26:30 | Create | Fishing Ship |
| 26:30 | Create | Fishing Ship |
| 27:09 | Research | Chain Mail Armor |
| 27:14 | Research | Treadmill Crane |
| 27:16 | Create | Villager (Male) |
| 27:16 | Create | Villager (Male) |
| 27:16 | Create | Villager (Male) |
| 27:16 | Create | Villager (Male) |
| 27:55 | Build | House |
| 27:55 | Build | House |
| 27:55 | Build | House |
| 27:55 | Build | House |
| 27:56 | Build | House |
| 27:56 | Build | House |
| 28:09 | Research | Hand Cart |
| 28:31 | Research | Ballistics |
| 28:43 | Create | Galley |
| 28:43 | Create | Galley |
| 28:44 | Create | Galley |
Build order — Canek
First 150 of 1835 actions detected
| 1:43 | Build | Town Center |
| 3:44 | Build | Dock |
| 3:46 | Create | Villager (Male) |
| 3:46 | Create | Villager (Male) |
| 3:46 | Create | Villager (Male) |
| 3:46 | Create | Villager (Male) |
| 4:10 | Build | House |
| 4:37 | Research | Loom |
| 5:14 | Build | House |
| 5:37 | Create | Fishing Ship |
| 6:44 | Create | Villager (Male) |
| 6:44 | Create | Villager (Male) |
| 6:44 | Create | Villager (Male) |
| 7:37 | Create | Villager (Male) |
| 7:54 | Create | Villager (Male) |
| 8:01 | Create | Villager (Male) |
| 8:04 | Create | Fishing Ship |
| 8:29 | Create | Villager (Male) |
| 8:54 | Build | House |
| 9:00 | Create | Villager (Male) |
| 9:15 | Create | Fishing Ship |
| 9:41 | Build | House |
| 9:51 | Create | Fishing Ship |
| 9:53 | Create | Villager (Male) |
| 9:53 | Create | Villager (Male) |
| 9:53 | Create | Villager (Male) |
| 10:19 | Create | Fishing Ship |
| 11:11 | Create | Fishing Ship |
| 11:11 | Create | Fishing Ship |
| 11:14 | Create | Villager (Male) |
| 11:49 | Build | Mill |
| 12:35 | Build | House |
| 12:40 | Create | Fishing Ship |
| 13:15 | Research | Feudal Age |
| 13:29 | Build | Lumber Camp |
| 14:01 | Build | House |
| 14:33 | Age | Feudal Age |
| 14:52 | Build | Lumber Camp |
| 14:59 | Create | Villager (Male) |
| 15:00 | Create | Villager (Male) |
| 15:00 | Create | Villager (Male) |
| 15:17 | Create | Unit 2626 |
| 15:47 | Build | Mining Camp |
| 16:27 | Create | Villager (Male) |
| 16:41 | Build | Palisade Wall |
| 16:49 | Build | Mill |
| 17:05 | Create | Villager (Male) |
| 17:06 | Create | Villager (Male) |
| 17:32 | Research | Tech 906 |
| 17:35 | Create | Villager (Male) |
| 17:43 | Build | House |
| 18:10 | Create | Fishing Ship |
| 18:11 | Create | Fishing Ship |
| 18:21 | Build | Market |
| 18:34 | Create | Villager (Male) |
| 18:34 | Create | Villager (Male) |
| 18:35 | Create | Villager (Male) |
| 18:39 | Build | House |
| 20:10 | Build | Blacksmith |
| 20:11 | Create | Villager (Male) |
| 20:11 | Create | Villager (Male) |
| 20:13 | Create | Villager (Male) |
| 22:21 | Create | Villager (Male) |
| 22:22 | Create | Villager (Male) |
| 22:22 | Create | Villager (Male) |
| 22:23 | Create | Villager (Male) |
| 23:15 | Research | Castle Age |
| 23:19 | Research | Forging |
| 23:30 | Research | Gold Mining |
| 23:33 | Research | Double-Bit Axe |
| 24:28 | Create | Demolition Raft |
| 24:29 | Create | Demolition Raft |
| 24:31 | Create | Unit 2626 |
| 24:31 | Create | Unit 2626 |
| 24:47 | Research | Fletching |
| 25:06 | Build | Barracks |
| 25:13 | Build | House |
| 25:37 | Age | Castle Age |
| 25:51 | Build | Siege Workshop |
| 26:07 | Research | Gillnets |
| 26:08 | Create | Villager (Male) |
| 26:27 | Create | Mangonel |
| 26:34 | Create | Villager (Male) |
| 26:34 | Create | Villager (Male) |
| 26:53 | Create | Unit 2626 |
| 26:53 | Create | Unit 2626 |
| 27:02 | Research | Padded Archer Armor |
| 27:04 | Create | Villager (Male) |
| 27:18 | Research | Horse Collar |
| 27:19 | Create | Villager (Male) |
| 27:35 | Create | Demolition Raft |
| 27:40 | Create | Villager (Male) |
| 27:41 | Create | Villager (Male) |
| 29:01 | Build | Town Center |
| 29:16 | Create | Mangonel |
| 29:39 | Create | Villager (Male) |
| 29:40 | Create | Villager (Male) |
| 29:41 | Create | Villager (Male) |
| 30:31 | Create | Villager (Male) |
| 30:31 | Create | Villager (Male) |
| 30:32 | Create | Villager (Male) |
| 30:32 | Create | Villager (Male) |
| 30:32 | Create | Villager (Male) |
| 31:06 | Build | House |
| 31:18 | Build | Farm |
| 31:20 | Build | Farm |
| 31:55 | Create | Villager (Male) |
| 31:55 | Create | Villager (Male) |
| 31:55 | Create | Villager (Male) |
| 31:56 | Create | Villager (Male) |
| 32:02 | Create | Mangonel |
| 32:08 | Research | Squires |
| 32:33 | Build | Farm |
| 32:35 | Build | Farm |
| 32:36 | Build | Farm |
| 32:55 | Build | House |
| 33:30 | Create | Mangonel |
| 33:31 | Create | Villager (Male) |
| 33:31 | Create | Villager (Male) |
| 33:50 | Create | Villager (Male) |
| 34:00 | Create | Mangonel |
| 34:17 | Create | Villager (Male) |
| 34:33 | Build | Farm |
| 34:40 | Build | Farm |
| 34:43 | Build | Farm |
| 34:47 | Build | Farm |
| 34:49 | Build | Farm |
| 35:47 | Create | Villager (Male) |
| 35:47 | Create | Villager (Male) |
| 35:51 | Build | Dock |
| 36:01 | Build | Castle |
| 36:15 | Create | Villager (Male) |
| 36:15 | Create | Villager (Male) |
| 36:15 | Create | Villager (Male) |
| 36:40 | Create | Villager (Male) |
| 36:40 | Create | Villager (Male) |
| 36:40 | Create | Villager (Male) |
| 36:46 | Create | Mangonel |
| 37:02 | Create | Karambit Warrior |
| 37:02 | Create | Karambit Warrior |
| 37:03 | Create | Karambit Warrior |
| 37:03 | Create | Karambit Warrior |
| 37:03 | Create | Karambit Warrior |
| 37:27 | Create | Villager (Male) |
| 37:27 | Create | Villager (Male) |
| 37:38 | Create | Demolition Raft |
| 37:46 | Create | Villager (Male) |
| 37:47 | Create | Villager (Male) |
| 37:56 | Build | Mining Camp |
| 38:16 | Create | Villager (Male) |
Build order — meier961
First 150 of 1488 actions detected
| 1:33 | Build | Town Center |
| 2:42 | Build | House |
| 2:49 | Build | House |
| 2:53 | Build | House |
| 3:52 | Create | Villager (Male) |
| 3:52 | Create | Villager (Male) |
| 3:52 | Create | Villager (Male) |
| 3:52 | Create | Villager (Male) |
| 3:53 | Research | Loom |
| 4:29 | Build | Mill |
| 5:22 | Create | Villager (Male) |
| 6:08 | Create | Villager (Male) |
| 7:10 | Create | Villager (Male) |
| 7:11 | Create | Villager (Male) |
| 7:11 | Create | Villager (Male) |
| 7:45 | Create | Villager (Male) |
| 8:14 | Create | Villager (Male) |
| 8:45 | Create | Villager (Male) |
| 9:58 | Create | Villager (Male) |
| 9:58 | Create | Villager (Male) |
| 10:43 | Build | Lumber Camp |
| 10:55 | Build | Mining Camp |
| 10:59 | Create | Villager (Male) |
| 11:00 | Create | Villager (Male) |
| 11:32 | Build | House |
| 11:38 | Build | House |
| 11:43 | Build | House |
| 12:23 | Create | Villager (Male) |
| 12:24 | Create | Villager (Male) |
| 12:29 | Create | Villager (Male) |
| 13:48 | Build | Barracks |
| 13:58 | Create | Villager (Male) |
| 14:53 | Build | Farm |
| 14:58 | Build | Farm |
| 15:01 | Research | Feudal Age |
| 15:26 | Build | Outpost |
| 15:44 | Create | Villager (Male) |
| 15:44 | Create | Villager (Male) |
| 15:46 | Create | Villager (Male) |
| 16:14 | Build | Outpost |
| 17:11 | Age | Feudal Age |
| 17:19 | Build | Watch Tower |
| 17:27 | Build | Watch Tower |
| 17:37 | Create | Spearman |
| 17:38 | Create | Spearman |
| 17:38 | Create | Spearman |
| 17:38 | Create | Spearman |
| 17:39 | Create | Spearman |
| 17:46 | Build | Blacksmith |
| 17:49 | Create | Villager (Male) |
| 17:49 | Create | Villager (Male) |
| 18:34 | Build | Watch Tower |
| 18:42 | Build | Farm |
| 18:46 | Build | Farm |
| 18:48 | Create | Villager (Male) |
| 18:50 | Create | Villager (Male) |
| 19:10 | Build | Watch Tower |
| 19:18 | Build | Farm |
| 19:24 | Build | Farm |
| 19:44 | Build | Watch Tower |
| 19:49 | Build | Farm |
| 19:54 | Build | Farm |
| 20:59 | Research | Fletching |
| 21:15 | Build | Watch Tower |
| 21:32 | Build | Watch Tower |
| 21:41 | Create | Spearman |
| 21:41 | Create | Spearman |
| 21:42 | Create | Spearman |
| 21:42 | Create | Spearman |
| 21:46 | Research | Wheelbarrow |
| 21:50 | Research | Double-Bit Axe |
| 22:46 | Build | Watch Tower |
| 23:18 | Research | Scale Mail Armor |
| 23:18 | Research | Forging |
| 23:28 | Build | Watch Tower |
| 23:34 | Build | Farm |
| 23:37 | Create | Villager (Male) |
| 23:37 | Create | Villager (Male) |
| 23:38 | Create | Villager (Male) |
| 23:48 | Build | House |
| 23:51 | Build | House |
| 23:56 | Build | House |
| 24:00 | Build | House |
| 24:46 | Create | Villager (Male) |
| 24:46 | Create | Villager (Male) |
| 25:59 | Build | Farm |
| 26:05 | Build | Farm |
| 26:13 | Build | Farm |
| 26:18 | Build | Farm |
| 26:38 | Build | Watch Tower |
| 26:52 | Create | Villager (Male) |
| 26:52 | Create | Villager (Male) |
| 26:52 | Create | Villager (Male) |
| 27:28 | Build | Farm |
| 27:44 | Build | Stone Wall |
| 27:52 | Create | Villager (Male) |
| 27:53 | Create | Villager (Male) |
| 28:21 | Build | Gate |
| 28:42 | Build | Stone Wall |
| 29:29 | Build | Watch Tower |
| 29:41 | Create | Villager (Male) |
| 29:41 | Create | Villager (Male) |
| 30:05 | Build | Stable |
| 30:11 | Build | Stable |
| 30:17 | Build | Farm |
| 30:22 | Research | Horse Collar |
| 30:38 | Create | Villager (Male) |
| 30:39 | Research | Town Watch |
| 30:41 | Create | Villager (Male) |
| 30:41 | Create | Villager (Male) |
| 30:53 | Build | Watch Tower |
| 30:59 | Build | Farm |
| 31:14 | Build | House |
| 31:19 | Build | House |
| 31:36 | Create | Spearman |
| 31:36 | Create | Spearman |
| 31:37 | Create | Spearman |
| 31:37 | Create | Spearman |
| 31:38 | Create | Spearman |
| 31:57 | Build | Watch Tower |
| 32:12 | Research | Castle Age |
| 32:31 | Research | Scale Barding Armor |
| 32:57 | Build | Barracks |
| 33:00 | Build | Barracks |
| 34:14 | Build | Stone Wall |
| 34:23 | Build | Stone Wall |
| 34:58 | Age | Castle Age |
| 35:00 | Research | Chain Barding Armor |
| 35:01 | Research | Bodkin Arrow |
| 35:02 | Research | Iron Casting |
| 35:06 | Research | Light Cavalry (upgrade) |
| 35:08 | Research | Husbandry |
| 35:24 | Build | Town Center |
| 35:30 | Create | Villager (Male) |
| 35:31 | Create | Villager (Male) |
| 35:31 | Create | Villager (Male) |
| 35:54 | Build | Watch Tower |
| 36:19 | Research | Bow Saw |
| 36:24 | Research | Heavy Plow |
| 37:30 | Build | Archery Range |
| 37:35 | Build | Archery Range |
| 37:44 | Create | Villager (Male) |
| 37:44 | Create | Villager (Male) |
| 37:44 | Create | Villager (Male) |
| 37:46 | Research | Hand Cart |
| 37:47 | Create | Villager (Male) |
| 37:48 | Create | Villager (Male) |
| 37:57 | Create | Villager (Male) |
| 37:57 | Create | Villager (Male) |
| 37:58 | Create | Villager (Male) |
Match timeline
| 1:09 | Miq · first_building Dock |
| 2:19 | dteeuwsen17 · first_building Dock |
| 3:44 | Canek · first_building Dock |
| 13:07 | dteeuwsen17 · age_up feudal |
| 13:48 | meier961 · first_building Barracks |
| 14:33 | Canek · age_up feudal |
| 15:09 | Miq · age_up feudal |
| 15:18 | dteeuwsen17 · first_building Barracks |
| 15:25 | Miq · wall_segment Palisade Wall x1 |
| 15:25 | Miq · wall_segment Palisade Wall x1 |
| 15:26 | Miq · wall_segment Palisade Wall x1 |
| 15:27 | Miq · wall_segment Palisade Wall x1 |
| 16:41 | Canek · wall_segment Palisade Wall x6 |
| 16:49 | dteeuwsen17 · first_building Stable |
| 17:02 | Miq · first_building Barracks |
| 17:11 | meier961 · age_up feudal |
| 19:07 | Miq · first_building Stable |
| 20:17 | dteeuwsen17 · age_up castle |
| 22:12 | Miq · age_up castle |
| 23:47 | dteeuwsen17 · first_building Monastery |
| 24:27 | Canek · first_market_buy 100 wood |
| 24:55 | dteeuwsen17 · first_building Castle |
| 25:06 | Canek · first_building Barracks |
| 25:37 | Canek · age_up castle |
| 25:51 | Canek · first_building Siege Workshop |
| 27:06 | Miq · first_market_buy 100 food |
| 27:44 | meier961 · wall_segment Stone Wall x11 |
| 28:42 | meier961 · wall_segment Stone Wall x1 |
| 30:05 | meier961 · first_building Stable |
| 31:37 | Miq · wall_segment Palisade Wall x7 |
| 32:37 | Miq · first_building Siege Workshop |
| 34:14 | meier961 · wall_segment Stone Wall x9 |
| 34:19 | Canek · first_market_sell 100 wood |
| 34:23 | meier961 · wall_segment Stone Wall x2 |
| 34:58 | meier961 · age_up castle |
| 35:28 | Miq · wall_segment Stone Wall x18 |
| 35:29 | Miq · wall_segment Stone Wall x8 |
| 36:01 | Canek · first_building Castle |
| 37:30 | meier961 · first_building Archery Range |
| 37:43 | dteeuwsen17 · first_building Siege Workshop |
| 37:55 | Miq · first_market_sell 500 wood |
| 38:04 | Miq · first_building Castle |
| 39:07 | Miq · first_building Monastery |
| 39:56 | Miq · age_up imperial |
| 40:29 | Canek · first_building Stable |
| 41:00 | Miq · first_building Archery Range |
| 43:54 | meier961 · wall_segment Stone Wall x3 |
| 46:03 | Canek · first_building Archery Range |
| 46:35 | dteeuwsen17 · age_up imperial |
| 48:43 | meier961 · wall_segment Stone Wall x1 |
| 49:56 | meier961 · wall_segment Stone Wall x3 |
| 52:45 | meier961 · tribute_sent a jugador 1 |
| 52:45 | meier961 · tribute_sent a jugador 2 |
| 52:45 | meier961 · tribute_sent a jugador 3 |
| 53:18 | Canek · wall_segment Stone Wall x4 |
| 53:36 | Canek · age_up imperial |
| 55:02 | meier961 · first_building Castle |
| 60:20 | meier961 · age_up imperial |
| 63:05 | Canek · first_building Monastery |
| 73:59 | meier961 · first_building Siege Workshop |
| 100:34 | meier961 · first_building Dock |
| 104:03 | meier961 · wall_segment Stone Wall x5 |
| 109:21 | Canek · wall_segment Palisade Wall x1 |
| 109:37 | Canek · wall_segment Palisade Wall x1 |
| 109:39 | Canek · wall_segment Palisade Wall x1 |
| 109:40 | Canek · wall_segment Palisade Wall x1 |
| 109:42 | Canek · wall_segment Palisade Wall x1 |
| 112:49 | Canek · wall_segment Palisade Wall x1 |
| 112:50 | Canek · wall_segment Palisade Wall x1 |
| 112:52 | Canek · wall_segment Palisade Wall x1 |
| 112:55 | Canek · wall_segment Palisade Wall x1 |
| 127:40 | dteeuwsen17 · first_market_sell 100 wood |
| 133:11 | Canek · tribute_sent a jugador 1 |
| 133:11 | Canek · tribute_sent a jugador 2 |
| 133:11 | Canek · tribute_sent a jugador 4 |
| 134:46 | Canek · tribute_sent a jugador 1 |
| 134:46 | Canek · tribute_sent a jugador 2 |
| 134:46 | Canek · tribute_sent a jugador 4 |
| 135:59 | Miq · wall_segment Palisade Wall x23 |
| 137:01 | Miq · wall_segment Stone Wall x3 |
| 138:00 | Canek · tribute_sent a jugador 1 |
| 138:00 | Canek · tribute_sent a jugador 2 |
| 138:00 | Canek · tribute_sent a jugador 4 |
| 140:27 | Miq · resign |
[ AI ANALYSIS · 1 CREDIT ]
What really happened in this match?
Wolo.gg analyzes every decision: build order, eco, micro, common mistakes by bracket. Personalized analysis on WhatsApp or Discord in 30 seconds.
Civ guide
Mongols
Perfil
dteeuwsen17